Map: Cyber Forest LE

Players

Kallestål - Winner!

  • Race: Terran Terran
  • Spawn Location: 5:00

Cromwell

  • Race: Terran Terran
  • League: Platinum
  • Spawn Location: 11:00

VOD

Have the link to the VOD?

Description

Optional

Time

  • Played on: March 9, 2019, 3:46 a.m.
  • Length: 21:41
Show
View Real Time Build Order
Export as new Build Order

Kallestål Terran - Winner!

Build Orders:  

Get SALT Encoding   

  12  0:09  Supply Depot  
  12  0:23  SCV  
  13  0:52  Barracks  
  13  1:10  SCV  
  14  1:25  SCV  
  15  1:37  SCV  
  16  1:40  Marine  
  17  1:49  SCV  
  18  1:58  Marine  
  19  2:01  SCV  
  20  2:16  Marine  
  20  2:19  SCV  
  20  2:27  Bunker  
  20  2:34  SCV, Marine  
  22  3:16  SCV  
  23  3:34  Supply Depot  
  23  3:52  Barracks  
  23  3:55  Refinery  
  23  3:56  SCV  
  24  4:08  SCV  
  25  4:20  SCV  
  26  4:32  SCV  
  27  4:44  SCV  
  28  4:49  Barracks Tech Lab  
  28  4:53  Refinery  
  28  4:56  SCV  
  29  5:08  Marauder  
  31  5:21  Concussive Shells  
  31  5:45  Ghost Academy  
  31  5:52  Factory  
  31  6:11  Command Center  
  31  6:33  SCV  
  31  6:35  Ghost  
  31  6:45  SCV  
  30  6:52  Factory Tech Lab  
  28  6:57  SCV  
  29  7:05  Bunker  
  29  7:07  Ghost  
  27  7:34  Refinery  
  27  7:36  Refinery  
  27  7:38  Starport  
  25  7:46  Starport  
  25  7:57  SCV, Factory  
  26  8:03  Engineering Bay  
  26  8:13  SCV  
  26  8:17  Starport Tech Lab  
  27  8:23  Starport Tech Lab  
  28  8:34  SCV  
  28  8:42  Planetary Fortress  
  28  8:46  Factory Tech Lab, Bunker  
  28  8:47  Banshee x2  
  34  8:50  SCV  
  35  9:02  Planetary Fortress  
  35  9:06  Siege Tank  
  38  9:14  Cloaking Field  
  38  9:23  Missile Turret  
  38  9:29  SCV, Missile Turret  
  39  9:36  Viking  
  39  9:37  Viking  
  39  9:38  Hellion  
  45  9:41  SCV  
  46  10:04  Armory  
  46  10:17  Supply Depot  
  46  10:38  Banshee  
  46  10:39  SCV x2  
  46  10:40  Banshee  
  54  11:01  Supply Depot, Terran Vehicle And Ship Armor Level 1  
  54  11:23  SCV x2, Siege Tank  
  59  11:35  SCV x2  
  61  11:47  SCV  
  61  11:48  Command Center  
  61  11:49  Hi-Sec Auto Tracking  
  61  11:54  SCV  
  59  12:03  Viking  
  61  12:10  Supply Depot  
  61  12:24  Missile Turret  
  61  12:31  SCV x2, Viking  
  61  12:32  Armory  
  61  12:33  Supply Depot  
  61  12:35  Supply Depot  
  65  12:41  Viking  
  67  12:54  Thor  
  67  12:56  Terran Ship Weapons Level 1  
  73  13:09  SCV x2  
  75  13:16  Viking x2  
  79  13:26  Fusion Core  
  79  13:29  Terran Vehicle And Ship Armor Level 2  
  79  13:31  Missile Turret  
  79  13:42  Planetary Fortress  
  79  13:43  Refinery  
  79  13:44  Refinery  
  79  13:45  Missile Turret  
  79  13:46  Missile Turret  
  79  13:47  SCV x2  
  81  13:52  Hellion  
  83  14:12  Banshee  
  83  14:16  Command Center  
  86  14:20  SCV x3  
  89  14:36  Battlecruiser  
  95  14:39  Weapon Refit  
  95  14:44  SCV x3  
  98  14:56  SCV x2  
  100  15:27  Battlecruiser  
  100  15:28  Starport  
  106  15:30  Supply Depot x2  
  106  15:40  Raven  
  108  15:47  Thor  
  108  15:49  Planetary Fortress  
  114  15:52  Refinery  
  114  15:57  Terran Ship Weapons Level 2, Terran Vehicle And Ship Armor Level 3  
  114  16:23  Battlecruiser  
  120  16:29  Thor  
  114  16:52  Starport Tech Lab, Battlecruiser  
  117  17:11  SCV x3  
  117  17:12  SCV  
  121  17:17  Battlecruiser  
  127  17:23  SCV x3  
  130  18:10  Refinery  
  130  18:23  Neosteel Armor  
  130  18:29  Terran Ship Weapons Level 3  
  130  18:32  Refinery, Supply Depot, Command Center  
  130  18:33  Refinery, Supply Depot  
  130  18:34  Supply Depot  
  130  18:35  Supply Depot  
  127  18:43  Battlecruiser  
  130  18:54  Battlecruiser  
  130  18:55  Battlecruiser  
  142  18:57  Supply Depot  
  142  19:04  SCV x2  
  132  19:47  Battlecruiser  
  132  19:48  Starport x2  
  132  19:49  Starport  
  132  19:50  Starport  
  132  19:56  Planetary Fortress  
  132  19:58  Battlecruiser  
  132  19:59  Banshee, Missile Turret  
  132  20:19  Missile Turret  
  132  20:26  SCV x2, Missile Turret  
  132  20:27  SCV  
  132  20:35  Starport Tech Lab x4  
  132  20:39  Missile Turret  
  132  20:47  Missile Turret  
  132  20:50  SCV  
  132  20:51  SCV  
  132  21:07  Missile Turret  
Show
View Real Time Build Order
Export as new Build Order

Cromwell Terran 

Build Orders:  

Get SALT Encoding   

  12  0:01  SCV  
  13  0:14  SCV  
  13  0:19  Supply Depot  
  14  0:26  SCV  
  15  0:40  SCV  
  16  0:42  Barracks  
  16  0:52  SCV  
  17  0:59  Supply Depot  
  17  1:05  SCV  
  17  1:10  Barracks  
  17  1:30  SCV, Barracks  
  18  1:37  Marine  
  19  1:55  Marine  
  19  2:01  Marine  
  21  2:20  Bunker  
  21  2:25  Bunker  
  21  2:30  Marine  
  21  2:34  Marine  
  23  2:37  Marine  
  23  2:52  Marine  
  23  2:53  Refinery  
  23  2:54  SCV  
  23  2:55  Marine  
  25  2:59  Supply Depot  
  25  3:14  Marine x2  
  25  3:19  Refinery  
  27  3:25  SCV  
  28  3:32  Command Center  
  28  3:47  Marine  
  29  3:53  SCV  
  30  4:14  Marine  
  31  4:18  SCV  
  31  4:20  Factory  
  31  4:50  Supply Depot  
  31  5:02  SCV  
  31  5:06  Supply Depot  
  32  5:12  Factory Tech Lab  
  31  5:17  Starport  
  31  5:22  Supply Depot  
  31  5:33  Siege Tank  
  33  5:41  SCV, Barracks Tech Lab  
  34  5:53  SCV  
  33  6:05  SCV, Viking  
  36  6:15  Supply Depot  
  37  6:40  SCV  
  37  6:52  SCV  
  38  6:55  SCV  
  39  7:04  SCV  
  39  7:07  SCV  
  40  7:15  Marine  
  40  7:20  Siege Tank  
  44  7:33  Marine  
  44  7:37  Supply Depot  
  45  7:43  Medivac  
  47  7:44  Marine  
  47  7:46  Stimpack  
  47  7:48  SCV  
  49  7:53  Marine  
  50  8:00  SCV  
  50  8:02  Marine  
  52  8:12  SCV  
  53  8:15  SCV  
  54  8:24  SCV  
  54  8:25  Starport  
  55  8:28  SCV  
  55  8:30  Armory, Fusion Core  
  56  8:36  SCV  
  57  8:45  Refinery  
  57  8:47  Refinery  
  58  8:48  SCV  
  58  9:00  SCV  
  58  9:01  SCV  
  60  9:12  SCV  
  60  9:13  SCV, Command Center  
  62  9:24  Supply Depot  
  62  9:35  Engineering Bay  
  62  9:39  Engineering Bay  
  62  9:44  Supply Depot  
  62  9:45  SCV, Marine  
  62  9:46  Supply Depot  
  64  9:58  SCV  
  64  9:59  Orbital Command  
  63  10:07  Supply Depot  
  63  10:08  Starport Tech Lab x2  
  63  10:10  SCV  
  64  10:22  SCV, Missile Turret  
  64  10:24  Missile Turret  
  64  10:26  Refinery  
  62  10:31  Missile Turret  
  62  10:34  SCV  
  58  10:36  Missile Turret  
  58  10:41  Raven  
  53  10:53  Missile Turret  
  53  10:55  Hi-Sec Auto Tracking  
  53  11:05  Missile Turret  
  53  11:19  Missile Turret  
  53  11:20  Viking  
  55  11:27  Missile Turret  
  54  11:41  Planetary Fortress  
  53  11:59  SCV  
  53  12:11  SCV  
  53  12:13  Thor  
  60  12:18  Viking  
  62  12:23  SCV  
  62  12:25  Missile Turret  
  63  12:32  Refinery  
  63  12:39  Marine  
  63  12:41  Barracks Tech Lab  
  64  12:48  SCV x2  
  66  13:00  SCV  
  67  13:34  SCV  
  67  13:35  SCV  
  67  13:37  Marine  
  70  13:45  Raven  
  70  13:46  SCV, Viking  
  75  13:54  SCV  
  76  13:58  SCV  
  77  14:09  Terran Vehicle Weapons Level 1  
  77  14:20  Missile Turret  
  77  14:24  Advanced Ballistics  
  77  14:27  Neosteel Armor  
  77  14:31  Armory  
  77  14:46  Command Center  
  77  15:11  Marauder, Siege Tank  
  81  15:14  Banshee  
  84  15:31  Missile Turret  
  84  15:34  Marine  
  85  15:36  Missile Turret  
  85  15:39  Terran Ship Weapons Level 1  
  85  15:40  Supply Depot  
  85  15:41  Supply Depot  
  85  15:42  Terran Infantry Weapons Level 1  
  85  15:50  Missile Turret  
  85  15:51  Supply Depot  
  85  15:52  Marine  
  86  16:01  Banshee, Viking  
  86  16:02  Thor  
  86  16:03  Terran Vehicle And Ship Armor Level 1  
  75  16:44  Viking  
  63  16:57  Liberator  
  63  17:05  Viking  
  63  17:07  Command Center  
  68  17:21  Marine  
  68  17:22  Marine  
  70  17:31  Missile Turret  
  70  17:38  Missile Turret  
  70  17:39  Marine  
  70  17:40  Missile Turret, Viking  
  70  17:41  Marine  
  70  17:42  Combat Shield  
  74  17:51  Terran Ship Weapons Level 2  
  74  17:53  Missile Turret  
  74  17:55  Supply Depot  
  74  17:56  Terran Infantry Armor Level 1, Supply Depot  
  74  17:57  Marine, Viking  
  77  17:59  Marine  
  77  18:00  Engineering Bay  
  78  18:14  Starport, Thor  
  78  18:18  Marine x2  
  86  18:23  Refinery  
  86  18:26  Planetary Fortress  
  86  18:27  Barracks  
  86  18:30  Barracks  
  86  18:32  Refinery  
  73  18:56  Viking x2  
  73  18:57  Missile Turret x2  
  77  19:04  Marine x2  
  58  19:26  Viking  
  50  19:33  Missile Turret  
  50  19:35  Missile Turret  
  50  19:37  Marine x2  
  52  19:54  Marine  
  52  19:55  Marauder  
  52  20:17  Marauder  
Tags
 
League
Platinum
Matchup
TvT
Race
Terran
Spawn Locations
Cross Positions
Add a new tag
Caveats
  • Supply blocks, unpowered buildings, or Contaminate may cause inaccurate times.
  • Supply counts are checked every 10 seconds.